 Dungeon Crawl Stone Soup version 0.21.0-3-g78d12a8 (webtiles) character file.

1959 Jatast the Ducker (level 9, -5/82 HPs)
             Began as a Deep Dwarf Monk on Jan 13, 2018.
             Was a Priest of Makhleb.
             Slain by a two-headed ogre
             ... wielding a +0 giant club
              (14 damage)
             ... on level 7 of the Dungeon.
             The game lasted 00:14:27 (5466 turns).

Jatast the Ducker (Deep Dwarf Monk)                 Turns: 5466, Time: 00:14:28

Health: -5/82      AC: 13    Str: 17    XL:     9   Next: 0%
Magic:  11/11      EV: 11    Int: 12    God:    Makhleb [***...]
Gold:   339        SH:  0    Dex: 15    Spells: 8/8 levels left

rFire    . . .     SeeInvis .   h - +0 war axe
rCold    . . .     Gourm    .   (no shield)
rNeg     . . .     Faith    .   k - +0 chain mail
rPois    .         Spirit   .   m - +1 helmet
rElec    .         Reflect  .   b - +0 cloak
rCorr    .         Harm     .   (no gloves)
MR       +....                  (no boots)
Stlth    ..........             (no amulet)
HPRegen  0.00/turn              (no ring)
MPRegen  0.12/turn              (no ring)

@: non-regenerating
A: damage resistance, heal wounds, sense surroundings 2, no regeneration
a: Heal Wounds, Minor Destruction, Lesser Servant of Makhleb, Renounce Religion


You were on level 7 of the Dungeon.
You worshipped Makhleb.
Makhleb was most pleased with you.
You were not hungry.

You visited 1 branch of the dungeon, and saw 7 of its levels.

You collected 339 gold pieces.

Inventory:

Hand Weapons
 h - a +0 war axe (weapon)
 x - a +1 hand axe of flaming
 C - a +0 short sword of venom
 D - a +1 spear of venom
Armour
 b - a +0 cloak (worn)
 k - a +0 chain mail (worn)
 m - a +1 helmet (worn)
Jewellery
 a - a cursed ring of loudness {unknown}
 f - a +2 amulet of reflection {unknown}
Wands
 s - a wand of paralysis (10)
 z - a wand of random effects (18)
 F - a wand of acid (8)
 H - a wand of flame (27)
Scrolls
 d - 2 scrolls of enchant weapon
 e - a scroll of magic mapping {unknown}
 o - a scroll of immolation
 p - a scroll of fog
 q - a scroll of teleportation
 t - 2 scrolls of amnesia
 B - a scroll of identify
 E - a scroll of enchant armour
Potions
 g - a potion of invisibility
 i - 4 potions of curing
 j - a potion of agility
 l - a potion of haste
 n - 2 potions of lignification
 r - 3 potions of heal wounds
 w - 2 potions of magic
 A - a potion of resistance
Books
 u - a book of Minor Magic

   Spells                             Type                      Level
   a - Magic Dart                     Conjuration                  1
   b - Blink                          Translocation                2
   c - Call Imp                       Summoning                    2
   d - Slow                           Hexes                        2
   e - Conjure Flame                  Conjuration/Fire             3
   f - Mephitic Cloud                 Conjuration/Poison/Air       3
 v - a book of Battle

   Spells                             Type                      Level
   a - Infusion                       Charms                       1
   b - Shroud of Golubria             Charms/Translocation         2
   c - Song of Slaying                Charms                       2
   d - Spectral Weapon                Hexes/Charms                 3
   e - Regeneration                   Charms/Necromancy            3
 y - a book of Changes

   Spells                             Type                      Level
   a - Beastly Appendage              Transmutation                1
   b - Sticks to Snakes               Transmutation                2
   c - Spider Form                    Transmutation/Poison         3
   d - Ice Form                       Ice/Transmutation            4
   e - Blade Hands                    Transmutation                5
Comestibles
 c - 11 rations
 G - 6 chunks of flesh


   Skills:
 + Level 6.2 Fighting
 - Level 3.2 Axes
 + Level 6.1 Armour
 + Level 7.5 Dodging
 - Level 2.4 Stealth
 + Level 6.6 Invocations


You had 8 spell levels left.
You didn't know any spells.

Dungeon Overview and Level Annotations

Branches:
Dungeon (7/15)             Temple (0/1) D:7

Altars:
Cheibriados
Gozag
Makhleb
Ru
Sif Muna
Trog
Yredelemnul
Zin
The Shining One


Innate Abilities, Weirdness & Mutations

You are resistant to damage.
You can heal yourself by infusing magical energy.
You passively map the area around you.
You do not regenerate.


Message History

The two-headed ogre hits you with a giant spiked club!
* * * LOW HITPOINT WARNING * * *
Your ufetubus hits the two-headed ogre. x3
Your ufetubus hits the two-headed ogre but does no damage.
Your ynoxinul hits the two-headed ogre!
Your neqoxec closely misses the two-headed ogre.
You hit the two-headed ogre.
The two-headed ogre is severely wounded.
Your ufetubus completely misses the two-headed ogre.
Your ufetubus hits the two-headed ogre but does no damage.
Your ufetubus barely misses the two-headed ogre.
Your ufetubus hits the two-headed ogre. x3; The ice beast misses your ufetubus.
Your ufetubus barely misses the two-headed ogre.
Your ufetubus hits the two-headed ogre.
Your ufetubus barely misses the two-headed ogre.
Your ufetubus hits the two-headed ogre but does no damage.
The two-headed ogre hits you with a giant club!
* * * LOW HITPOINT WARNING * * *
The two-headed ogre hits you with a giant spiked club!
You die...

#.# #.# #.# #. #.#
####.##### ###
##........ .Y.. *
###......5##..### * ,
, ........@O5Y.....* ,
##.....353#...#. *
#>.###...........#, *
,#..# ####.#......# ,
#.. ,#..# ##'#####....
, #..* #..# ##...##
###.* * #..###..#
##.....##
#..#.#..###.......#* *
##.......##.........#*
*


You could see a two-headed ogre, an ice beast, a friendly neqoxec, a friendly
ynoxinul and 3 friendly ufetubi.

Vanquished Creatures
  Sigmund (D:6)
  Eustachio (D:6)
  Duvessa (D:6)
  A phantom (D:4)
  A black bear (D:6)
  3 ogres
  A centaur (D:7)
  Dowan (D:6)
  A scorpion (D:4)
  A crimson imp (D:5)
  2 hounds
  An orc priest (D:3)
  A bullfrog skeleton (D:6)
  Natasha (thrice) (D:2)
  An iguana (D:6)
  3 orc wizards
  3 worker ants
  A worker ant zombie (D:7)
  Robin (D:2)
  5 adders
  2 shadow imps
  2 oozes
  3 worms
  2 dart slugs
  3 leopard geckos
  15 orcs
  5 giant cockroaches
  14 goblins
  11 hobgoblins
  10 jackals
  2 quokkas (D:2)
  5 bats
  4 frilled lizards
  7 kobolds
  4 rats
122 creatures vanquished.

Vanquished Creatures (collateral kills)
  Joseph (D:7)
  A scorpion (D:7)
  2 orc wizards (D:6)
  A gnoll zombie (D:6)
  An orc zombie (D:6)
6 creatures vanquished.

Grand Total: 128 creatures vanquished

Notes
Turn   | Place    | Note
-------+----------+-------------------------------------------
     0 | D:1      | Jatast the Deep Dwarf Monk began the quest for the Orb.
     0 | D:1      | Reached XP level 1. HP: 20/20 MP: 1/1
   161 | D:1      | Reached XP level 2. HP: 23/28 MP: 2/2
   892 | D:2      | Reached skill level 4 in Dodging
   921 | D:2      | Reached XP level 3. HP: 26/34 MP: 3/3
  1067 | D:2      | Found a sacrificial altar of Ru.
  1080 | D:2      | Noticed Natasha
  1099 | D:2      | Killed Natasha
  1099 | D:2      | Reached skill level 1 in Armour
  1099 | D:2      | Reached XP level 4. HP: 38/42 MP: 4/4
  1219 | D:2      | Noticed Natasha
  1229 | D:2      | Killed Natasha
  1299 | D:2      | Noticed Natasha
  1323 | D:2      | Killed Natasha
  1498 | D:2      | Noticed Robin
  1502 | D:2      | Reached XP level 5. HP: 31/50 MP: 5/5
  1510 | D:2      | Killed Robin
  1557 | D:2      | Found a snail-covered altar of Cheibriados.
  1557 | D:2      | Found a burning altar of Makhleb.
  1562 | D:2      | Became a worshipper of Makhleb the Destroyer
  1562 | D:2      | Reached * piety under Makhleb
  1562 | D:2      | Reached ** piety under Makhleb
  1844 | D:3      | Found a basalt altar of Yredelemnul.
  2000 | D:3      | Reached skill level 1 in Invocations
  2197 | D:3      | Reached skill level 5 in Dodging
  2375 | D:3      | Reached XP level 6. HP: 54/57 MP: 7/7
  3032 | D:4      | Reached XP level 7. HP: 61/66 MP: 9/9
  3066 | D:4      | Found a deep blue altar of Sif Muna.
  3249 | D:4      | Found a glowing silver altar of Zin.
  3410 | D:5      | Entered Level 5 of the Dungeon
  3535 | D:5      | Reached *** piety under Makhleb
  3686 | D:5      | Reached skill level 6 in Dodging
  3783 | D:5      | Found an opulent altar of Gozag.
  3848 | D:5      | Found a glowing golden altar of the Shining One.
  4027 | D:6      | Noticed Duvessa
  4028 | D:6      | Noticed Dowan
  4067 | D:6      | Killed Duvessa
  4067 | D:6      | Reached skill level 5 in Fighting
  4268 | D:6      | Found a transporter.
  4294 | D:6      | Found a transporter.
  4302 | D:6      | Reached XP level 8. HP: 48/74 MP: 11/11
  4457 | D:6      | Noticed Eustachio
  4460 | D:6      | Killed Dowan
  4460 | D:6      | Reached skill level 5 in Invocations
  4487 | D:6      | Reached skill level 5 in Armour
  4501 | D:6      | Killed Eustachio
  4526 | D:6      | Found a bloodstained altar of Trog.
  4627 | D:6      | Noticed Sigmund
  4822 | D:6      | Killed Sigmund
  4822 | D:6      | Reached skill level 7 in Dodging
  5186 | D:7      | Found a staircase to the Ecumenical Temple.
  5188 | D:7      | Noticed Joseph
  5201 | D:7      | Killed Joseph
  5439 | D:7      | Gained mutation: You passively map the area around you. [Deep Dwarf growth]
  5439 | D:7      | Reached XP level 9. HP: 41/82 MP: 11/11
  5458 | D:7      | Noticed a two-headed ogre
  5466 | D:7      | Slain by a two-headed ogre

Skill      XL: |  1  2  3  4  5  6  7  8 |
---------------+-------------------------+-----
Fighting       | 3 4 5 6 |  6.2
Dodging        | 4 5 6 7 |  7.5
Armour         | 1 2 3 4 6 |  6.1
Invocations    | 1 3 4 6 |  6.6
Axes           | |  3.2
Stealth        | |  2.4

Action                   |  1- 3 |  4- 6 |  7- 9 || total
-------------------------+-------+-------+-------++-------
Melee: Hand axe          |   103 |   198 |       ||   301
       War axe           |       |    60 |   240 ||   300
Invok: Lesser Servant of |       |       |     5 ||     5
 Abil: Heal Wounds       |     4 |     1 |     9 ||    14
Evoke: Wand              |       |       |     9 ||     9
  Use: Scroll            |       |    10 |     5 ||    15
       Potion            |       |       |     1 ||     1
 Stab: Sleeping          |     5 |       |       ||     5
       Paralysed         |       |       |    24 ||    24
       Distracted        |       |       |     1 ||     1
  Eat: Chunk             |     1 |     6 |     9 ||    16
Armor: Robe              |     4 |       |       ||     4
       Chain mail        |    17 |   185 |   160 ||   362
Dodge: Dodged            |    68 |    97 |   141 ||   306
